 Dungeon Crawl Stone Soup version 0.30-b1-2-g02819fbbbe (webtiles) character file.

Game seed: 18148257919746802344

15 Alarkh the Charlatan (level 2, 0/23 HPs)
             Began as a Demonspawn Artificer on Nov 24, 2023.
             Frozen to death by an endoplasm (4 damage)
             ... on level 1 of the Dungeon.
             The game lasted 00:00:30 (260 turns).

Alarkh the Charlatan (Demonspawn Artificer)          Turns: 260, Time: 00:00:30

Health: 0/23       AC:  3    Str: 12    XL:     2   Next: 34%
Magic:  2/2        EV: 11    Int: 12    God:
Gold:   13         SH:  0    Dex: 13    Spells: 1/1 levels left

rFire   . . .        a - +0 dagger
rCold   . . .        (no shield)
rNeg    . . .        b - +0 leather armour
rPois   .            (no helmet)
rElec   .            (no cloak)
rCorr   .            (no gloves)
SInv    .            (no boots)
Will    .....        (no amulet)
Stlth   +            (no ring)
HPRegen 0.23/turn    (no ring)
MPRegen 0.08/turn

%: no passive effects
@: no status effects
A: weakness stinger 1
a: no special abilities


You were on level 1 of the Dungeon.
You visited 1 branch of the dungeon, and saw 1 of its levels.

You collected 13 gold pieces.

Inventory:

Hand Weapons
 a - a +0 dagger (weapon)
 g - a +0 club
Armour
 b - a +0 leather armour (worn)
Wands
 c - a wand of flame (13) (quivered)
 d - a wand of charming (15)
 e - a wand of iceblast (5)
Scrolls
 i - a scroll of noise {unknown}
 j - a scroll of identify {unknown}
Potions
 f - 2 potions of curing {unknown}
 h - 2 potions of mutation {unknown}


   Skills:
 + Level 2.4 Fighting
 - Level 1.7 Armour
 - Level 0.8 Dodging
 - Level 0.8 Stealth
 - Level 3.0 Evocations


You had one spell level left.
You didn't know any spells.
Your spell library was empty.

Dungeon Overview and Level Annotations

Branches:
Dungeon (1/15)

Altars:


Innate Abilities, Weirdness & Mutations

You have a small tail.


Message History

You hit the endoplasm but do no damage.
You tail-slap the endoplasm, but do no damage.
The endoplasm is almost dead.
The endoplasm freezes you.
You are frozen.
The endoplasm barely misses you.
You barely miss the endoplasm.
The endoplasm is almost dead.
The rat barely misses you. The endoplasm freezes you.
You are frozen.
The endoplasm hits you but does no damage.
You are too injured to fight recklessly!
You are too injured to fight recklessly!
You are too injured to fight recklessly!
You are too injured to fight recklessly!
The endoplasm attacks as you move away!
The endoplasm hits you but does no damage.
The endoplasm quivers.
You hit the rat.
You kill the rat!
You barely miss the endoplasm. You tail-slap the endoplasm.
You kill the endoplasm!
The endoplasm closely misses you.
You see here a rat corpse.
You hit the endoplasm.
The endoplasm is moderately wounded.
The endoplasm barely misses you.
You hit the endoplasm but do no damage.
The endoplasm is moderately wounded.
The endoplasm freezes you.
You are frozen.
You hit the endoplasm.
The endoplasm is heavily wounded.
The endoplasm hits you.
* * * LOW HITPOINT WARNING * * *
You hit the endoplasm but do no damage.
The endoplasm is heavily wounded.
The endoplasm freezes you.
You are frozen.
You die...

#.........# #.........# ..# .#
#........J# ..###.#
#.........###.......
#.........##........
#....###..##........
#....###..##........ ..
..........##........ .##
###.....JJ@........ .. ....
###.##.########## .##.##
###.##.###### .....
##...##........# #####....
###.#.#..........###.#.#..## #
#................#..........
#.###.#.#.#..#####..........†..
#..............#..........)....
#....#.#.#...###.##.#.#.#..#.


You could see 2 endoplasms.

Vanquished Creatures
  A bat (D:1)
  An endoplasm (D:1)
  2 goblins (D:1)
  A hobgoblin (D:1)
  3 jackals (D:1)
  A ball python (D:1)
  2 kobolds (D:1)
  2 rats (D:1)
13 creatures vanquished.

Notes
Turn   | Place    | Note
-------+----------+-------------------------------------------
     0 | D:1      | Alarkh the Demonspawn Artificer began the quest for the
                  | Orb.
     0 | D:1      | Reached XP level 1. HP: 15/15 MP: 1/1
   115 | D:1      | Discovered your monstrous ancestry.
   115 | D:1      | Gained mutation: You have a small tail. [demonic ancestry]
   115 | D:1      | Reached XP level 2. HP: 18/22 MP: 2/2
   260 | D:1      | Frozen to death by an endoplasm

Illustrated notes

Levels and vault maps discovered:
D:1:      sevenhm_arrival_forest_fort_small_3, layout_basic, hex_tiny

Skill      XL: |  1 |
---------------+----+-----
Fighting       | 2 |  2.4
Armour         | |  1.7
Dodging        | |  0.8
Stealth        | |  0.8
Evocations     | |  3.0

Action                     || total
---------------------------++-------
  Melee: Club              ||    23
         Dagger            ||    36
         Tailslap          ||     5
  Evoke: Wand              ||     2
 Armour: Leather armour    ||    19
  Dodge: Dodged            ||    47
